 Dungeon Crawl Stone Soup version 0.31-a0-196-g86fe4a5e66 (webtiles) character file.

Game seed: 3086240741067023214

224 qw the Skirmisher (level 5, -1/29 HPs)
             Began as a Deep Elf Hunter on June 24, 2023.
             Slain by an ogre
             ... wielding a +0 giant club
              (11 damage)
             ... on level 6 of the Dungeon.
             The game lasted 00:00:49 (2089 turns).

qw the Skirmisher (Deep Elf Hunter)                 Turns: 2089, Time: 00:00:50

Health: -1/29      AC:  5    Str: 10    XL:     5   Next: 67%
Magic:  7/7        EV: 13    Int: 18    God:
Gold:   211        SH:  0    Dex: 26    Spells: 4/4 levels left

rFire   . . .        Y - +0 shortbow
rCold   . . .        (shield currently unavailable)
rNeg    . . .        d - +0 ring mail
rPois   .            (no helmet)
rElec   .            (no cloak)
rCorr   .            (no gloves)
SInv    +            (no boots)
Will    .....        (no amulet)
Stlth   ++           f - +6 ring of dexterity
HPRegen 0.24/turn    j - ring "Orenec Ribi" {Int+4 Dex+2 SInv}
MPRegen 0.10/turn

%: no passive effects
@: lethally poisoned (-1 -> -5)
A: no striking features
a: no special abilities


You were on level 6 of the Dungeon.
You visited 1 branch of the dungeon, and saw 6 of its levels.

You collected 211 gold pieces.


   Skills:
 - Level 1.5 Fighting
 + Level 8.5 Ranged Weapons
 - Level 4.0 Dodging
 - Level 1.2 Stealth


You had 4 spell levels left.
You didn't know any spells.
Your spell library was empty.

Inventory:

Hand Weapons
 Y - a +0 shortbow (weapon)
Armour
 d - a +0 ring mail (worn)
Jewellery
 f - a +6 ring of dexterity (left hand)
 j - the ring "Orenec Ribi" (right hand) {Int+4 Dex+2 SInv}
   (You acquired it on level 3 of the Dungeon)

   [ring of see invisible]

   Int:       It affects your intelligence (+4).
   Dex:       It affects your dexterity (+2).
   SInv:      It lets you see invisible.
Scrolls
 c - 2 scrolls of teleportation
 m - a scroll of identify
Potions
 a - a potion of brilliance {unknown}
 b - a potion of enlightenment {unknown}
 e - a potion of invisibility {unknown}
 g - a potion of haste {unknown}
 h - a potion of might {unknown}
 i - a potion of degeneration {unknown}
 k - 2 potions of curing
 l - a potion of resistance {unknown}

Dungeon Overview and Level Annotations

Branches:
Dungeon (7/15)
 Temple: D:4-7

Altars:
Ashenzari
Elyvilon


Message History

The scorpion is moderately wounded.
You shoot an arrow. The arrow closely misses the scorpion.
The howler monkey howls!
An iguana comes into view.
You shoot an arrow. The iguana hisses angrily.
The arrow hits the howler monkey but does no damage.
An ogre comes into view. It is wielding a +0 giant club.
You shoot an arrow. The ogre shouts!
The arrow hits the scorpion.
The scorpion is moderately wounded.
A sky beast comes into view.
You shoot an arrow.
The arrow hits the scorpion but does no damage.
The scorpion is moderately wounded.
The scorpion stings you.
You shoot an arrow. The arrow closely misses the scorpion.
The arrow barely misses the howler monkey.
The scorpion barely misses you. The howler monkey hits you.
You shoot an arrow. The arrow hits the scorpion.
The scorpion is moderately wounded.
The scorpion barely misses you.
The howler monkey hoots and howls with incredible vigour!
The scorpion stings you but does no damage.
You hear a shout!
You shoot an arrow.
The arrow hits the scorpion but does no damage.
The scorpion is moderately wounded.
The howler monkey barely misses you. The scorpion stings you.
You are poisoned.
The scorpion poisons you!
You shoot an arrow. The arrow hits the scorpion!
The scorpion is severely wounded.
You feel sick.
The howler monkey hits you but does no damage.
The scorpion barely misses you. The howler monkey hits you.
The scorpion stings you but does no damage.
The ogre hits you with a +0 giant club!
You die...

.......
.......
...>"..
.......
.......
.......
......
.......
#.)..#.......
.Y.........
#lsh......
#@.......
#.O.......
........#..
..........#
#.#........#
# ###........
....#.##..
..##### #.


You could see a sky beast, an ogre, a scorpion, a howler monkey (catching
breath) and an iguana.

Vanquished Creatures
  A scorpion (D:3)
  A hound (D:4)
  An iguana (D:3)
  4 gnolls (D:3)
  2 adders
  2 worms (D:3)
  A dart slug (D:3)
  4 orcs (D:3)
  3 bats
  3 endoplasms
  2 giant cockroaches
  3 hobgoblins
  2 jackals (D:3)
  3 ball pythons
  A frilled lizard (D:1)
  5 goblins
  6 kobolds
  8 rats
52 creatures vanquished.

Notes
Turn   | Place    | Note
-------+----------+-------------------------------------------
     0 | D:1      | qw the Deep Elf Hunter began the quest for the Orb.
     0 | D:1      | Reached XP level 1. HP: 12/12 MP: 3/3
     0 | D:1      | 0 ||| qw: Version: 0.3-a-9-g12657ce
     0 | D:1      | 0 ||| qw: Game counter: 4776
     0 | D:1      | 0 ||| qw: Always use a shield: true
     0 | D:1      | 0 ||| qw: God list: Okawaru
     0 | D:1      | 0 ||| qw: Allow faded altars: false
     0 | D:1      | 0 ||| qw: Do Orc after D:15 true
     0 | D:1      | 0 ||| qw: Do second Lair branch before Depths: true
     0 | D:1      | 0 ||| qw: Lair rune preference: random
     0 | D:1      | 0 ||| qw: Plans: Normal
     0 | D:1      | 0 ||| PLANNING D:1-11
   103 | D:1      | Reached XP level 2. HP: 16/16 MP: 4/4
   105 | D:1      | Reached skill level 6 in Ranged Weapons
   537 | D:1      | 537 ||| UPGRADING to +0 ring mail.
   547 | D:1      | 547 ||| DROPPING +0 leather armour.
   548 | D:1      | 548 ||| UPGRADING to +6 ring of dexterity.
   549 | D:1      | 549 ||| READING scroll labelled VEKUTR XIETU.
   550 | D:1      | 550 ||| READING scroll labelled SEK UQAOZEL.
   555 | D:1      | 555 ||| READING 2 scrolls labelled XIFUROICRO.
   556 | D:1      | 556 ||| READING scroll labelled FAKLAI YCOPN.
   557 | D:1      | 557 ||| READING scroll labelled HUHUADGHIZXI.
   558 | D:1      | 558 ||| READING 2 scrolls labelled TIDEDA GEOT.
   559 | D:1      | 559 ||| READING scroll labelled RUDWIZ BAXZYLO.
   560 | D:1      | 560 ||| DRINKING 2 bubbling ruby potions.
   561 | D:1      | 561 ||| DROPPING scroll of butterflies.
   562 | D:1      | 562 ||| DROPPING scroll of fog.
   563 | D:1      | 563 ||| DROPPING scroll of vulnerability.
  1198 | D:2      | 1198 ||| DRINKING 3 fuming yellow potions.
  1289 | D:3      | Reached XP level 3. HP: 8/20 MP: 5/5
  1375 | D:3      | Reached skill level 7 in Ranged Weapons
  1382 | D:3      | HP: 4/20 [gnoll/+0 club (4)]
  1383 | D:3      | 1383 ||| READING 2 scrolls of teleportation.
  1384 | D:3      | 1384 ||| DRINKING potion of heal wounds.
  1428 | D:3      | Reached XP level 4. HP: 16/25 MP: 6/6
  1428 | D:3      | 1428 ||| FLEEEEING.
  1429 | D:3      | 1429 ||| FLEEEEING.
  1604 | D:3      | Reached skill level 8 in Ranged Weapons
  1654 | D:3      | Found a white marble altar of Elyvilon.
  1720 | D:3      | Found a broken altar of Ashenzari.
  1790 | D:3      | Found a faded altar of an unknown god.
  1933 | D:3      | 1933 ||| READING scroll labelled PUGOTS WENU.
  1934 | D:3      | 1934 ||| READING scroll labelled TANAS UCALY.
  1934 | D:3      | Identified a scroll of acquirement
  1934 | D:3      | 1934 ||| ACQUIRING ring "Orenec Ribi" {Int+4 Dex+2 SInv}
  1934 | D:3      | Acquired the ring "Orenec Ribi" {Int+4 Dex+2 SInv}
  1936 | D:3      | 1936 ||| UPGRADING to ring "Orenec Ribi" {Int+4 Dex+2
                  | SInv}.
  1955 | D:4      | Noticed a scorpion
  1959 | D:4      | 1959 ||| STAIRDANCE
  1967 | D:3      | Killed a scorpion
  1968 | D:3      | Reached XP level 5. HP: 18/29 MP: 7/7
  2072 | D:4      | You fall into a shaft and drop 3 floors!
  2083 | D:6      | Noticed an ogre
  2084 | D:6      | Noticed a sky beast
  2089 | D:6      | Slain by an ogre

Levels and vault maps discovered:
D:1:      lemuel_arrival_rhombus, layout_basic
D:2:      layout_loops_ring, nrook_mini_backslash
D:3:      layout_rooms, nicolae_elyvilon_peaceful_grove,
          nicolae_overflow_hidden_temple,
          dreamdust_ecumenical_altar_hidden_monk_grotto,
          dreamdust_princess_bridge
D:4:      layout_rooms
D:6:      layout_cave_pools, lemuel_crystal_altar, temple_hall,
          ebering_ghost_reflecting_pool
D:7:      layout_rooms, minmay_misc_feat_doors, uniq_maggie, uniq_duvessa

Skill      XL: |  1  2  3  4 |
---------------+-------------+-----
Ranged Weapons | 6 7 8 |  8.5
Dodging        | 4 |  4.0
Fighting       | |  1.5
Stealth        | |  1.2

Action                     |  1- 3 |  4- 6 || total
---------------------------+-------+-------++-------
   Fire: Shortbow          |    73 |    80 ||   153
    Use: Scroll            |     8 |     2 ||    10
         Potion            |     3 |       ||     3
 Armour: Leather armour    |    10 |       ||    10
         Ring mail         |     2 |    11 ||    13
  Dodge: Dodged            |    22 |    16 ||    38

Table legend:
 A = Non-vault XP
 B = Vault XP
 C = Vault XP percentage of total XP
 D = Non-vault monster count
 E = Vault monster count
 F = Vault count percentage of total count
                 A         B        C        D         E       F
            +---------+---------+-------+---------+---------+-------
      Total |     320 |       0 |   0.0 |      52 |       0 |   0.0
            +---------+---------+-------+---------+---------+-------
        D:1 |      27 |       0 |   0.0 |      17 |       0 |   0.0
        D:2 |       9 |       0 |   0.0 |       6 |       0 |   0.0
        D:3 |     226 |       0 |   0.0 |      25 |       0 |   0.0
        D:4 |      58 |       0 |   0.0 |       4 |       0 |   0.0
            +---------+---------+-------+---------+---------+-------
